 Dungeon Crawl Stone Soup version 0.29.1-12-g30fa7ad0bf (webtiles) character file.

Game seed: 6479596390179629487

438 Pepete the Chopper (level 7, -1/43 (55) HPs)
             Began as a Formicid Fighter on Dec 24, 2022.
             Slain by a goblin
             ... wielding a +0 club
             ... led by Robin
              (5 damage)
             ... on level 3 of the Dungeon.
             The game lasted 00:03:38 (3555 turns).

Pepete the Chopper (Formicid Fighter)               Turns: 3555, Time: 00:03:39

HP:   -1/43 (55)    AC:  8    Str: 20 (22) XL:     7   Next: 21%
MP:   7/7           EV:  9    Int:  6 (8)  God:
Gold: 136           SH:  5    Dex: 11 (13) Spells: 6/6 levels left

rFire   . . .      SeeInvis +   a - +0 war axe
rCold   . . .      Faith    .   c - +0 buckler
rNeg    . . .      Spirit   .   b - +0 scale mail
rPois   .          Reflect  .   (helmet unavailable)
rElec   .          Harm     .   k - +0 cloak
rCorr   .          Rampage  .   (no gloves)
Will    .....                   (no boots)
Stlth   ..........              (no amulet)
HPRegen 0.14/turn               (no ring)
MPRegen 0.10/turn               (no ring)

@: lethally poisoned (-1 -> -2), heavily drained
A: permanent stasis, dig shafts and tunnels, antennae 3, four strong arms
a: Dig, Shaft Self


You were on level 3 of the Dungeon.
You visited 1 branch of the dungeon, and saw 3 of its levels.

You collected 136 gold pieces.

Inventory:

Hand Weapons
 a - a +0 war axe (weapon)
Armour
 b - a +0 scale mail (worn)
 c - a +0 buckler (worn)
 k - a +0 cloak (worn)
Scrolls
 e - a scroll of vulnerability {unknown}
 f - 4 scrolls of identify
 g - a scroll of poison
 i - a scroll of enchant armour
 j - 2 scrolls of immolation
Potions
 d - a potion of might
 h - a potion of curing


   Skills:
 * Level 4.4 Fighting
 * Level 5.1 Axes
 * Level 4.9 Armour
 + Level 0.2 Dodging
 + Level 0.2 Stealth
 * Level 5.1 Shields


You had 6 spell levels left.
You didn't know any spells.
Your spell library contained the following spells:

 Spells                   Type           Power      Damage    Failure   Level
 Apportation              Tloc           0%         N/A       86%         1
 Necrotise                Necr           0%         1d4       86%         1
 Summon Small Mammal      Summ           0%         N/A       86%         1
 Ensorcelled Hibernation  Hex/Ice        0%         N/A       94%         2
 Scorch                   Fire           0%         2d5       94%         2
 Spider Form              Tmut/Pois      0%         N/A       99%         3
 Anguish                  Hex/Necr       0%         N/A       100%        4
 Flame Wave               Conj/Fire      0%         2d4       100%        4
 Summon Cactus Giant      Summ           0%         N/A       100%        6


Dungeon Overview and Level Annotations

Branches:
Dungeon (3/15)

Altars:

Annotations:
D:3 Jessica, Robin


Innate Abilities, Weirdness & Mutations

You cannot be hasted, slowed, berserked, paralysed or teleported.
You can dig through walls and to a lower floor.
You have a pair of large antennae on your head. (SInv)
Your four strong arms can wield two-handed weapons with a shield.


Message History

Robin throws the goblin at you! The goblin hits you but does no damage.
You are more poisoned.
The goblin hits you but does no damage.
You extend your mandibles.
You dig through the rock wall.
You feel drained.
You feel very sick. The goblin hits you but does no damage.
You dig through the rock wall.
You feel drained. The goblin attacks as you move away!
The goblin barely misses you.
You feel very sick.
You dig through the rock wall.
You feel drained.
You feel very sick.
You retract your mandibles.
You closely miss the goblin.
You feel sick.
The goblin hits you with a +2 dagger of venom.
You are more poisoned.
You closely miss the goblin.
You feel very sick. You block the goblin's attack.
You slash the goblin!
You kill the goblin!
* * * LOW HITPOINT WARNING * * *
You feel very sick. The goblin barely misses you.
You closely miss the goblin.
You feel very sick. The goblin closely misses you.
Unknown command.
You extend your mandibles.
You dig through the rock wall.
You feel drained.
You feel sick.
You dig through the rock wall.
You feel drained.
You feel sick.
You dig through the rock wall.
You feel drained.
You feel sick.
You retract your mandibles.
You feel sick.
You feel sick.
The goblin no longer looks unusually strong. x2
Robin throws the goblin at you! The goblin hits you but does no damage.
You slash the goblin!
You kill the goblin!
You hit the goblin.
You feel sick. Robin throws the goblin at you! You block the goblin's attack.
The goblin hits you with a +0 club.
You die...

##### #...# ### #...# #.###
######...##### .
#...####....#...g.{g# .
.##...........#..g###{# ...
.##...........#.@.###.##{...[
...............g....)gg..{g..
.##..........##...######{....
.##.###########>..# ....
....# ##### ### .†.<# .#####
....)+ ..)### ######


You could see Robin, a hobgoblin (strong) and 3 goblins.

Vanquished Creatures
  Grinder (D:3)
  Sigmund (D:3)
  A necrophage (D:3)
  2 adders
  A worm (D:3)
  An orc (D:3)
  A ball python (D:2)
  An endoplasm (D:2)
  A giant cockroach (D:2)
  4 goblins
  2 hobgoblins
  3 quokkas (D:2)
  4 bats
  2 frilled lizards
  2 kobolds
  3 rats
30 creatures vanquished.

Notes
Turn   | Place    | Note
-------+----------+-------------------------------------------
     0 | D:1      | Pepete the Formicid Fighter began the quest for the Orb.
     0 | D:1      | Reached XP level 1. HP: 18/18 MP: 1/1
   395 | D:1      | Found a faded altar of an unknown god.
  1128 | D:2      | Reached XP level 2. HP: 22/24 MP: 2/2
  1388 | D:2      | Reached XP level 3. HP: 29/29 MP: 3/3
  1669 | D:3      | Noticed Sigmund
  1678 | D:3      | Killed Sigmund
  1679 | D:3      | Reached XP level 4. HP: 37/37 MP: 4/4
  1679 | D:3      | Reached XP level 5. HP: 42/42 MP: 5/5
  1741 | D:3      | Reached XP level 6. HP: 48/48 MP: 6/6
  2209 | D:3      | Noticed Jessica
  2209 | D:3      | Noticed Grinder
  2228 | D:3      | HP: 2/48 [Grinder/nerve-wracking pain (8)]
  3225 | D:3      | Killed Grinder
  3226 | D:3      | Reached skill level 5 in Axes
  3226 | D:3      | Reached skill level 5 in Shields
  3226 | D:3      | Reached XP level 7. HP: 43/55 MP: 7/7
  3539 | D:3      | Noticed Robin
  3555 | D:3      | Slain by a goblin

Illustrated notes

Levels and vault maps discovered:
D:1:      scummos_arrival_checkerplants, layout_basic,
          ebering_ecumenical_altar_hall, serial_co_window_serial,
          co_window_paths_a, co_window_paths_a, co_window_corner_a,
          co_window_of_opportunity_a, co_window_paths_a, co_window_cross_2,
          co_window_paths_c, co_window_cross_3, co_window_sun,
          co_window_4corner_a, glass_columns_a, chequers_serial_rivers_small_3,
          chequers_serial_rivers_large_b
D:2:      layout_loops_ring, minmay_tromino_v2
D:3:      layout_basic, nicolae_overflow_hidden_temple,
          nicolae_overflow_two_pavilions, minmay_misc_feat_roman, uniq_jessica,
          uniq_crazy_yiuf_cottage, uniq_robin, uniq_grinder, uniq_sigmund

Skill      XL: |  1  2  3  4  5  6 |
---------------+-------------------+-----
Fighting       | 4 |  4.4
Axes           | 3 4 5 |  5.1
Armour         | 4 |  4.9
Shields        | 5 |  5.1
Dodging        | |  0.2
Stealth        | |  0.2

Action                   |  1- 3 |  4- 6 |  7- 9 || total
-------------------------+-------+-------+-------++-------
Melee: War axe           |    47 |    47 |    16 ||   110
 Abil: Dig               |       |       |     2 ||     2
  Use: Potion            |     1 |     6 |       ||     7
       Scroll            |       |     4 |       ||     4
Armor: Scale mail        |    20 |    23 |    18 ||    61
Dodge: Dodged            |    19 |    16 |     8 ||    43
Block: Buckler           |    14 |    12 |     3 ||    29
